 Adventure DCSS version bcrawl-1.32 (webtiles) character file.

Game seed: 455344041224828721

114834 Leeroy the Slasher (level 2, 24/24 HPs)
             Began as a Djinni Skald on Aug 4, 2021.
             Quit the game on level 1 of the Dungeon.
             The game lasted 00:00:30 (339 turns).

Leeroy the Slasher (Djinni Skald)                    Turns: 339, Time: 00:00:31

Health: 24/24      AC:  3    Str: 13    XL:     2   Next: 31%
Magic:  6/6        EV: 11    Int: 15    God:
Gold:   19         SH:  0    Dex: 10    Spells: 6/7 levels left
                                        Lives:  2   Deaths: 0

rFire    . . .     SeeInvis .   a - +0 long sword
rCold    . . .     Gourm    .   (no shield)
rNeg     . . .     Faith    .   b - +0 leather armour
rPois    .         Spirit   .   (no helmet)
rElec    .         Reflect  .   (no cloak)
rCorr    .         Harm     .   (no gloves)
MR       .....     Rnd*Rage +   (boots unavailable)
Stlth    +.........             (no amulet)
HPRegen  0.08/turn              (no ring)
MPRegen  0.10/turn              (no ring)

@: flying
A: never pass out, berserk 2, blurry vision 2, wild magic 1, MP-powered wands,
floating
a: no special abilities


You were on level 1 of the Dungeon.
You were not hungry.

You visited 1 branch of the dungeon, and saw 1 of its levels.

You collected 19 gold pieces.

Inventory:

Hand Weapons
 a - a +0 long sword (weapon)
Armour
 b - a +0 leather armour (worn)
Jewellery
 f - an uncursed ring of magical power {unknown}
Scrolls
 c - a scroll of blinking {unknown}
 d - a scroll of fear
 g - a scroll of enchant armour {unknown}
Potions
 h - a potion of flight {unknown}
Comestibles
 e - 2 rations {!d}


   Skills:
 - Level 2.1 Fighting
 + Level 3.3 Long Blades
 - Level 0.8 Armour
 - Level 2.0 Dodging
 - Level 3.0 Spellcasting
 - Level 3.0 Charms


You had 6 spell levels left.
You knew the following spells:

 Your Spells              Type           Power        Failure   Level  Hunger
a - Infusion              Chrm           ##......     12%         1    None

Your spell library contained the following spells:

 Spells                   Type           Power        Failure   Level  Hunger
 Song of Slaying          Chrm           ##......     16%         2    #......
 Swiftness                Chrm/Air       #.......     28%         2    #......
 Ozocubu's Armour         Chrm/Ice       #.......     47%         3    ####...
 Regeneration             Chrm/Necr      #.........   47%         3    ####...
 Spectral Weapon          Hex/Chrm       #.......     47%         3    ####...


Dungeon Overview and Level Annotations

Branches:
Dungeon (1/12)

Altars:


Innate Abilities, Weirdness & Mutations

You never pass out after going berserk.
You often lose your temper in combat.
Scrolls take you longer to read.
Your spells are a little harder to cast, but a little more powerful.
You expend magic power (3 MP) to strengthen your wands.
Your body floats in the air.


Message History

A dart slug comes into view.
A dart slug is nearby!
A dart slug is nearby!
You hit the dart slug.
The dart slug is lightly wounded.
The dart slug bites you but does no damage.
You hit the dart slug.
The dart slug is moderately wounded.
The dart slug barely misses you.
You hit the dart slug but do no damage.
The dart slug is moderately wounded.
You slash the dart slug!
You kill the dart slug!
No target in view!
No target in view!
You see here a dart slug corpse.
h - an amethyst potion
There is a stone staircase leading down here.
A worm comes into view.
Are you sure you want to abandon this character and quit the game? (Confirm with "yes".)

#.......(.....# .
###+###'###+### . ...
#†###.# #. #.# #.....# #.
#.# #####.# ..###.# #.# #.#
w.... ##.## #.# #.
##..###...# #.#
..#...@.#...#######.#
.#............)).#.#
.............>.###.#.##
####..##.......###.#..##
#..####...##......#.#
#.#####..####...##.##..###.
...................##.## ##
..###.#)##############.###.
..###.#.########### ###.#.#


You could see a worm.

Vanquished Creatures
  A worm (D:1)
  2 dart slugs (D:1)
  A bat (D:1)
  2 hobgoblins (D:1)
  A frilled lizard (D:1)
  A kobold (D:1)
8 creatures vanquished.

Notes
Turn   | Place    | Note
-------+----------+-------------------------------------------
     0 | D:1      | Leeroy the Djinni Skald began the quest for the Orb.
     0 | D:1      | Reached XP level 1. HP: 17/17 MP: 4/4
   212 | D:1      | Reached XP level 2. HP: 24/24 MP: 6/6
   339 | D:1      | Quit the game

Skill      XL: |  1 |
---------------+----+-----
Long Blades    | 3 |  3.3
Fighting       | |  2.1
Armour         | |  0.8
Dodging        | |  2.0
Spellcasting   | |  3.0
Charms         | |  3.0

Action                   || total
-------------------------++-------
Melee: Long sword        ||    27
Armor: Leather armour    ||     6
Dodge: Dodged            ||    10
